Carnivores vs Wolves

Created - 18 décembre 2014 at 19:33

Goals
1 2 3 T
Carnivores 0 4 0 4
Wolves 0 4 1 5
Shots
1 2 3 T
Carnivores 3 22 12 37
Wolves 5 16 4 25

1st period

No Goal

Penalties :
Marc Methot (Min) for Interference (Minor) at 1:41, Keith Aulie (Bre) for Tripping (Minor) at 10:08

2nd period

1. Wolves , Mike Zigomanis 31 (Dmitry Kulikov, Chris Neil) at 1:48 (PP)
2. Wolves , Mike Zigomanis 32 (Chris Neil) at 5:57
3. Carnivores , Anton Lander 4 (Jeremy Welsh, Colton Orr) at 7:33
4. Wolves , Mike Zigomanis 33 (Bruno Gervais, Chris Neil) at 7:49
5. Carnivores , Evgeny Grachev 14 (Tim Conboy) at 11:30
6. Wolves , Mike Zigomanis 34 (Jonas Junland) at 12:23
7. Carnivores , Blake Geoffrion 9 (Phil Oreskovic, Andy Miele) at 15:10 (PP)
8. Carnivores , Andy Miele 3 (Bobby Sanguinetti, Blake Geoffrion) at 16:44

Penalties :
Evgeny Grachev (Bre) for Interference (Minor) at 0:47, Matt Gilroy (Min) for Hooking (Minor) at 14:55, Tim Crowder (Min) for High sticking (Minor) at 18:23

3rd period

9. Wolves , Mike Zigomanis 35 (Mike Sislo, Chris Neil) at 18:05 (PP)

Penalties :
David Schlemko (Bre) for Hooking (Minor) at 5:12, Chris Neil (Min) for Tripping (Minor) at 9:10, Chris Lawrence (Bre) for Holding Stick (Minor) at 13:19, Matt Gilroy (Min) for Hooking (Minor) at 15:34, Patrick McNeill (Bre) for Hooking (Minor) at 17:59

Goalie Stats

Antti Raanta (Bre), 20 saves from 25 shots - (0,800), L, 1-8-0, 58:52 minutes
Jamie Storr (Min), 33 saves from 37 shots - (0,892), W, 13-12-3, 60:00 minutes

Players Stats for Carnivores

Player Name              G  A  P  +/- PIM S  H  SB GA TA FO     MP     PP MP  PK MP  
------------------------------------------------------------------------------------
Andrew Ference           0  0  0   2  0   1  1  0  0  1  0/0    19:26   3:14   2:53 
Andy Miele               1  1  2  -1  0   8  0  1  1  0  17/37  24:49   4:34   3:55 
Anton Gustafsson         0  0  0   0  0   0  2  0  0  0  2/4     7:30   0:00   0:00 
Anton Lander             1  0  1   1  0   2  1  0  0  1  2/4     9:04   0:00   0:09 
Billy Sweat              0  0  0   0  0   1  0  2  0  1  0/1    11:08   0:00   0:00 
Blake Geoffrion          1  1  2  -1  0   4  4  0  1  1  0/3    20:19   4:34   0:00 
Bobby Sanguinetti        0  1  1   2  0   1  2  1  0  0  0/0    18:27   3:14   2:53 
Chris Butler             0  0  0  -1  0   1  0  0  0  0  0/0    10:25   0:00   0:53 
Chris Lawrence           0  0  0  -1  2   1  1  0  0  0  0/2    20:47   4:34   0:00 
Colton Orr               0  1  1   1  0   5  2  1  1  0  1/1    11:54   0:03   2:03 
David Schlemko           0  0  0   0  2   0  0  0  0  0  0/0     5:08   0:00   0:29 
Evgeny Grachev           1  0  1   0  2   2  1  2  0  1  3/10   11:58   0:03   0:00 
Ian Schultz              0  0  0   0  0   0  0  0  0  0  0/0     0:00   0:00   0:00 
Jeremy Welsh             0  1  1   1  0   2  0  0  2  0  0/1    13:57   3:34   1:01 
Jordie Benn              0  0  0   0  0   0  0  0  0  0  0/0     4:11   0:00   0:00 
Keith Aulie              0  0  0  -1  2   4  3  3  1  1  0/0    26:27   4:57   2:49 
Lane MacDermid           0  0  0   0  0   0  3  1  0  0  0/1     8:47   0:03   0:54 
Matt Cullen              0  0  0   0  0   0  0  0  1  1  1/1    15:41   3:34   4:03 
Patrick McNeill          0  0  0  -1  2   0  0  0  0  0  0/0     9:31   0:00   0:00 
Phil Oreskovic           0  1  1  -1  0   2  3  5  0  0  0/0    26:51   4:57   4:11 
Tim Conboy               0  1  1   0  0   3  4  0  1  0  0/0    16:31   3:34   2:03 

Players Stats for Wolves

Player Name              G  A  P  +/- PIM S  H  SB GA TA FO     MP     PP MP  PK MP  
------------------------------------------------------------------------------------
Bruno Gervais            0  1  1  -1  0   1  2  0  0  1  0/0    28:38   4:05   3:37 
Carl Klingberg           0  0  0  -1  0   0  0  0  0  0  0/0     8:42   0:00   1:17 
Chris Neil               0  4  4   2  2   7  2  0  1  0  3/4    18:54   4:14   0:00 
Dan Fritsche             0  0  0  -1  0   0  1  1  0  0  3/7    10:45   0:00   0:15 
Dmitry Kulikov           0  1  1  -1  0   0  3  2  0  2  0/0    21:25   4:05   1:41 
Geoff Paukovich          0  0  0   0  0   0  3  0  1  0  0/0    14:24   2:50   0:00 
Jonas Junland            0  1  1   1  0   0  1  2  1  0  0/0    13:23   2:59   0:00 
Jonathan Rheault         0  0  0  -1  0   1  1  0  0  0  0/0     7:25   0:00   0:00 
Kevin Veilleux           0  0  0  -1  0   0  0  0  0  1  0/3     7:25   0:00   0:00 
Maksim Mayorov           0  0  0  -1  0   0  0  0  0  0  0/0    10:27   0:00   0:00 
Marc Methot              0  0  0   1  2   0  0  0  0  0  0/0    13:01   0:00   2:12 
Matt Gilroy              0  0  0   0  4   0  1  2  0  0  0/0    20:20   2:59   3:44 
Mike Sislo               0  1  1   2  0   4  4  0  0  0  0/0    19:15   4:14   1:37 
Mike Zigomanis           5  0  5   2  0   8  2  1  2  0  27/41  24:22   4:14   4:34 
Milan Bartovic           0  0  0   0  0   4  2  1  2  2  0/2    20:19   2:50   4:38 
Nathan Davis             0  0  0   0  0   0  1  0  0  1  5/7    14:37   0:00   2:16 
Tim Crowder              0  0  0  -1  2   0  2  0  0  0  1/1    15:11   2:50   1:45 
Willie Mitchell          0  0  0   0  0   0  1  1  0  1  0/0    23:11   0:00   5:08 

3 Stars

1 - Mike Zigomanis (Min)
2 - Chris Neil (Min)
3 - Blake Geoffrion (Bre)

Power Play

Carnivores - 1 on 5 Attempt(s) - 20,00%
Wolves - 2 on 5 Attempt(s) - 40,00%

Penalty Kill

Carnivores - 3 on 5 Attempt(s) - 60,00% - Score 0 goal in Penalty Kill
Wolves - 4 on 5 Attempt(s) - 80,00% - Score 0 goal in Penalty Kill

Official

Referees : Peel Tim and Pollock Kevin
Linesman : Dan Schachte and Brad Lazarowich

Game Notes

9:46 of 1st period - Wolves goal is going for a video replay. After video review, No Goal. The attacking player has interfered with a goalkeeper in his goal crease.
Mike Zigomanis has scored a Hat Trick!

Finance

Level 1 -- Attendance: 1452 (72,60%) -- Ticket Income 50 820 $
Level 2 -- Attendance: 741 (74,10%) -- Ticket Income 11 115 $
Total Attendance: 2193 (73,10%)
Total Ticket Income: 61 935 $
Other Income: 3 097 $
Total Income: 65 032 $

Carnivores

5 vs 5 Forward 
   Center                   Left Wing                Right Wing               Time % Phy DF OF 
 1 Andy Miele               Blake Geoffrion          Chris Lawrence           40     1   2  2  
 2 Evgeny Grachev           Billy Sweat              Tim Conboy               30     1   2  2  
 3 Anton Lander             Jeremy Welsh             Colton Orr               20     1   2  2  
 4 Anton Gustafsson         Lane MacDermid           Matt Cullen              10     1   2  2  

5 vs 5 Defense 
   Defense                  Defense                                           Time % Phy DF OF 
 1 Phil Oreskovic           Keith Aulie                                       40     1   2  2  
 2 Andrew Ference           Bobby Sanguinetti                                 30     1   2  2  
 3 Patrick McNeill          Chris Butler                                      20     1   2  2  
 4 David Schlemko           Jordie Benn                                       10     1   2  2  

PowerPlay Forward 
   Center                   Left Wing                Right Wing               Time % Phy DF OF 
 1 Andy Miele               Blake Geoffrion          Chris Lawrence           60     1   2  2  
 2 Matt Cullen              Jeremy Welsh             Tim Conboy               40     1   2  2  

PowerPlay Defense
   Defense                  Defense                                           Time % Phy DF OF 
 1 Phil Oreskovic           Keith Aulie                                       60     1   2  2  
 2 Andrew Ference           Bobby Sanguinetti                                 40     1   2  2  

Penalty Kill 4 Players Forward 
   Center                   Wing                     Time % Phy DF OF 
 1 Andy Miele               Matt Cullen              60     1   2  2  
 2 Tim Conboy               Colton Orr               40     1   2  2  

Penalty Kill 4 Players Defense
   Defense                  Defense                  Time % Phy DF OF 
 1 Phil Oreskovic           Keith Aulie              60     1   2  2  
 2 Andrew Ference           Bobby Sanguinetti        40     1   2  2  

Penalty Kill - 3 Players Forward 
   Forward                                           Time % Phy DF OF 
 1 Andy Miele                                        60     1   2  2  
 2 Matt Cullen                                       40     1   2  2  

Penalty Kill - 3 Players Defense
   Defense                  Defense                  Time % Phy DF OF 
 1 Phil Oreskovic           Keith Aulie              60     1   2  2  
 2 Andrew Ference           Bobby Sanguinetti        40     1   2  2  

4 vs 4 Forward 
   Center                   Wing                     Time % Phy DF OF 
 1 Andy Miele               Matt Cullen              60     1   2  2  
 2 Tim Conboy               Colton Orr               40     1   2  2  

4 vs 4 Defense
   Defense                  Defense                  Time % Phy DF OF 
 1 Phil Oreskovic           Keith Aulie              60     1   2  2  
 2 Andrew Ference           Bobby Sanguinetti        40     1   2  2  

Last Minutes Offensive
   Center                   Left Wing                Right Wing               Defense                  Defense                  
   Andy Miele               Blake Geoffrion          Chris Lawrence           Andrew Ference           Keith Aulie              

Last Minutes Defensive
   Center                   Left Wing                Right Wing               Defense                  Defense                  
   Andy Miele               Billy Sweat              Tim Conboy               Andrew Ference           Keith Aulie              

Goaltenders
Starting : Antti Raanta             
Backup : Corey Crawford           

Extra Forwards
Normal : Chris Lawrence, Evgeny Grachev, Jeremy Welsh - PP : Chris Lawrence, Evgeny Grachev - PK : Jeremy Welsh
Extra Defensemen
Normal : Patrick McNeill, Chris Butler, David Schlemko - PP : Patrick McNeill - PK : Chris Butler, David Schlemko
Penalty Shots
Andy Miele, Matt Cullen, Tim Conboy, Blake Geoffrion, Jeremy Welsh

Wolves

5 vs 5 Forward 
   Center                   Left Wing                Right Wing               Time % Phy DF OF 
 1 Mike Zigomanis           Mike Sislo               Chris Neil               40     1   1  3  
 2 Nathan Davis             Geoff Paukovich          Milan Bartovic           30     1   1  3  
 3 Dan Fritsche             Maksim Mayorov           Tim Crowder              20     1   1  3  
 4 Kevin Veilleux           Carl Klingberg           Jonathan Rheault         10     2   1  2  

5 vs 5 Defense 
   Defense                  Defense                                           Time % Phy DF OF 
 1 Willie Mitchell          Bruno Gervais                                     40     1   1  3  
 2 Matt Gilroy              Dmitry Kulikov                                    30     2   2  1  
 3 Marc Methot              Jonas Junland                                     20     2   2  1  
 4 Dmitry Kulikov           Bruno Gervais                                     10     2   2  1  

PowerPlay Forward 
   Center                   Left Wing                Right Wing               Time % Phy DF OF 
 1 Mike Zigomanis           Mike Sislo               Chris Neil               60     0   1  4  
 2 Tim Crowder              Geoff Paukovich          Milan Bartovic           40     0   1  4  

PowerPlay Defense
   Defense                  Defense                                           Time % Phy DF OF 
 1 Dmitry Kulikov           Bruno Gervais                                     60     0   2  3  
 2 Matt Gilroy              Jonas Junland                                     40     0   2  3  

Penalty Kill 4 Players Forward 
   Center                   Wing                     Time % Phy DF OF 
 1 Mike Zigomanis           Milan Bartovic           60     1   3  1  
 2 Tim Crowder              Nathan Davis             40     1   3  1  

Penalty Kill 4 Players Defense
   Defense                  Defense                  Time % Phy DF OF 
 1 Willie Mitchell          Matt Gilroy              60     2   3  0  
 2 Marc Methot              Bruno Gervais            40     2   3  0  

Penalty Kill - 3 Players Forward 
   Forward                                           Time % Phy DF OF 
 1 Mike Zigomanis                                    60     1   4  0  
 2 Milan Bartovic                                    40     1   4  0  

Penalty Kill - 3 Players Defense
   Defense                  Defense                  Time % Phy DF OF 
 1 Willie Mitchell          Marc Methot              60     2   3  0  
 2 Matt Gilroy              Bruno Gervais            40     2   3  0  

4 vs 4 Forward 
   Center                   Wing                     Time % Phy DF OF 
 1 Mike Zigomanis           Milan Bartovic           60     1   1  3  
 2 Mike Sislo               Nathan Davis             40     1   1  3  

4 vs 4 Defense
   Defense                  Defense                  Time % Phy DF OF 
 1 Dmitry Kulikov           Bruno Gervais            60     2   2  1  
 2 Matt Gilroy              Jonas Junland            40     2   2  1  

Last Minutes Offensive
   Center                   Left Wing                Right Wing               Defense                  Defense                  
   Mike Zigomanis           Mike Sislo               Chris Neil               Willie Mitchell          Bruno Gervais            

Last Minutes Defensive
   Center                   Left Wing                Right Wing               Defense                  Defense                  
   Mike Zigomanis           Nathan Davis             Milan Bartovic           Willie Mitchell          Bruno Gervais            

Goaltenders
Starting : Jamie Storr              
Backup : Eddie Lack               

Extra Forwards
Normal : Mike Zigomanis, Milan Bartovic, Nathan Davis - PP : Mike Zigomanis, Nathan Davis - PK : Mike Sislo
Extra Defensemen
Normal : Dmitry Kulikov, Willie Mitchell, Matt Gilroy - PP : Dmitry Kulikov - PK : Willie Mitchell, Matt Gilroy
Penalty Shots
Mike Zigomanis, Milan Bartovic, Tim Crowder, Nathan Davis, Kevin Veilleux

% Time on Ice - Carnivores

Lines # - Real PCT - Wanted PCT - Time Play
Normal Forward
1 - 36% - 40% - 15:32
2 - 27% - 30% - 11:35
3 - 20% - 20% - 8:55
4 - 17% - 10% - 7:30
Normal Defense
1 - 40% - 40% - 17:29
2 - 28% - 30% - 12:20
3 - 22% - 20% - 9:32
4 - 10% - 10% - 4:11
PP Forward
1 - 56% - 60% - 4:37
2 - 44% - 40% - 3:34
PP Defense
1 - 60% - 60% - 4:57
2 - 40% - 40% - 3:14
PK Forward
1 - 71% - 60% - 5:01
2 - 29% - 40% - 2:03
PK Defense
1 - 59% - 60% - 4:11
2 - 41% - 40% - 2:53
PK3 Forward
1 - 0% - 60%
2 - 0% - 40%
PK3 Defense
1 - 0% - 60%
2 - 0% - 40%
44 Forward
1 - 0% - 60%
2 - 0% - 40%
44 Defense
1 - 0% - 60%
2 - 0% - 40%
Last Minute Offensive  - 1:13
Last Minute Defensive  - 0:00
Total
Forward - 60:00
Defense - 60:00

% Time on Ice - Wolves

Lines # - Real PCT - Wanted PCT - Time Play
Normal Forward
1 - 32% - 40% - 14:05
2 - 27% - 30% - 11:34
3 - 24% - 20% - 10:27
4 - 17% - 10% - 7:25
Normal Defense
1 - 39% - 40% - 17:04
2 - 30% - 30% - 13:02
3 - 23% - 20% - 10:10
4 - 7% - 10% - 3:15
PP Forward
1 - 60% - 60% - 4:14
2 - 40% - 40% - 2:50
PP Defense
1 - 58% - 60% - 4:05
2 - 42% - 40% - 2:59
PK Forward
1 - 72% - 60% - 5:55
2 - 28% - 40% - 2:16
PK Defense
1 - 73% - 60% - 5:58
2 - 27% - 40% - 2:13
PK3 Forward
1 - 0% - 60%
2 - 0% - 40%
PK3 Defense
1 - 0% - 60%
2 - 0% - 40%
44 Forward
1 - 0% - 60%
2 - 0% - 40%
44 Defense
1 - 0% - 60%
2 - 0% - 40%
Last Minute Offensive  - 0:00
Last Minute Defensive  - 1:14
Total
Forward - 60:00
Defense - 60:00

Play by Play

1st period


0:01 of 1st period - Andy Miele wins face-off versus Mike Zigomanis in neutral zone.
0:04 of 1st period - Chris Neil is hit by Blake Geoffrion and loses puck.
0:13 of 1st period - Keith Aulie is hit by Chris Neil and loses puck.
0:26 of 1st period - Phil Oreskovic is hit by Geoff Paukovich and loses puck.
0:33 of 1st period - Slapshot by Andrew Ference.
0:33 of 1st period - Deflect By Evgeny Grachev.
0:33 of 1st period - Shot Misses the Net.
0:33 of 1st period - Puck is out of play.
0:34 of 1st period - Colton Orr wins face-off versus Dan Fritsche in Wolves zone.
0:35 of 1st period - Wrist shot by Jeremy Welsh.
0:35 of 1st period - Shot Misses the Net.
0:37 of 1st period - Slapshot by Andrew Ference.
0:37 of 1st period - Shot Blocked by Matt Gilroy.
1:04 of 1st period - Snap shot by Milan Bartovic.
1:04 of 1st period - Stopped by Antti Raanta with a rebound.
1:41 of 1st period - Minor Penalty to Marc Methot for Interference.
1:42 of 1st period - Mike Zigomanis wins face-off versus Andy Miele in Wolves zone.
3:41 of 1st period - Penalty to Marc Methot is over, Marc Methot is back on ice.
4:55 of 1st period - Jordie Benn is hit by Mike Zigomanis.
4:59 of 1st period - David Schlemko is hit by Mike Sislo and loses puck.
6:00 of 1st period - Matt Gilroy is hit by Tim Conboy and loses puck.
6:23 of 1st period - Off-side.
6:24 of 1st period - Dan Fritsche wins face-off versus Andy Miele in neutral zone.
7:08 of 1st period - Wrist shot by Milan Bartovic.
7:08 of 1st period - Stopped by Antti Raanta without a rebound.
7:09 of 1st period - Nathan Davis wins face-off versus Lane MacDermid in Carnivores zone.
7:10 of 1st period - Slapshot by Milan Bartovic.
7:10 of 1st period - Shot Misses the Net.
7:16 of 1st period - Willie Mitchell is hit by Lane MacDermid.
7:24 of 1st period - Slapshot by Milan Bartovic.
7:24 of 1st period - Shot Hit the Post.
7:27 of 1st period - Icing by Andrew Ference.
7:28 of 1st period - Mike Zigomanis wins face-off versus Anton Gustafsson in Carnivores zone.
7:31 of 1st period - Wrist shot by Mike Zigomanis.
7:31 of 1st period - Shot Misses the Net.
7:53 of 1st period - Off-side.
7:54 of 1st period - Andy Miele wins face-off versus Milan Bartovic in neutral zone.
8:09 of 1st period - Off-side.
8:10 of 1st period - Chris Neil wins face-off versus Evgeny Grachev in neutral zone.
8:21 of 1st period - Wrist shot by Chris Neil.
8:21 of 1st period - Shot Blocked by Keith Aulie.
8:23 of 1st period - Wrist shot by Bruno Gervais.
8:23 of 1st period - Shot Blocked by Phil Oreskovic.
8:25 of 1st period - Snap shot by Mike Zigomanis.
8:25 of 1st period - Shot Blocked by Billy Sweat.
8:35 of 1st period - Bruno Gervais is hit by Phil Oreskovic and loses puck.
8:43 of 1st period - Wrist shot by Andy Miele.
8:43 of 1st period - Shot Misses the Net.
8:59 of 1st period - Snap shot by Tim Crowder.
8:59 of 1st period - Deflect By Colton Orr.
8:59 of 1st period - Shot Misses the Net.
8:59 of 1st period - Puck is out of play.
9:00 of 1st period - Dan Fritsche wins face-off versus Anton Lander in Carnivores zone.
9:07 of 1st period - Dmitry Kulikov is hit by Anton Lander and loses puck.
9:34 of 1st period - Snap shot by Colton Orr.
9:34 of 1st period - Deflect By Jeremy Welsh.
9:34 of 1st period - Shot Misses the Net.
9:34 of 1st period - Puck is out of play.
9:35 of 1st period - Mike Zigomanis wins face-off versus Andy Miele in Wolves zone.
9:44 of 1st period - Snap shot by Mike Zigomanis.
9:44 of 1st period - Stopped by Antti Raanta with a rebound.
9:46 of 1st period - Wrist shot by Mike Sislo.
9:46 of 1st period - Wolves goal is going for a video replay.
9:46 of 1st period - The goal is refused. The attacking player has interfered with a goalkeeper in his goal crease..
9:47 of 1st period - Mike Zigomanis wins face-off versus Andy Miele in Carnivores zone.
10:08 of 1st period - Minor Penalty to Keith Aulie for Tripping.
10:09 of 1st period - Mike Zigomanis wins face-off versus Andy Miele in Carnivores zone.
10:10 of 1st period - Slapshot by Chris Neil.
10:10 of 1st period - Stopped by Antti Raanta without a rebound.
10:11 of 1st period - Andy Miele wins face-off versus Mike Zigomanis in Carnivores zone.
10:22 of 1st period - Wrist shot by Andy Miele.
10:22 of 1st period - Stopped by Jamie Storr with a rebound.
12:08 of 1st period - Penalty to Keith Aulie is over, Keith Aulie is back on ice.
12:12 of 1st period - Icing by Mike Zigomanis.
12:13 of 1st period - Mike Zigomanis wins face-off versus Evgeny Grachev in Wolves zone.
12:26 of 1st period - Wrist shot by Evgeny Grachev.
12:26 of 1st period - Shot Blocked by Matt Gilroy.
12:53 of 1st period - Chris Lawrence is hit by Jonathan Rheault and loses puck.
13:29 of 1st period - Snap shot by Tim Conboy.
13:29 of 1st period - Shot Blocked by Jonas Junland.
14:17 of 1st period - Jeremy Welsh is hit by Mike Sislo and loses puck.
14:52 of 1st period - David Schlemko is hit by Bruno Gervais and loses puck.
15:55 of 1st period - Dmitry Kulikov is hit by Lane MacDermid and loses puck.
16:24 of 1st period - Snap shot by Matt Cullen.
16:24 of 1st period - Shot Misses the Net.
16:26 of 1st period - Slapshot by Chris Butler.
16:26 of 1st period - Stopped by Jamie Storr without a rebound.
16:27 of 1st period - Nathan Davis wins face-off versus Chris Lawrence in Wolves zone.
16:42 of 1st period - Snap shot by Milan Bartovic.
16:42 of 1st period - Shot Misses the Net.
16:49 of 1st period - Icing by Keith Aulie.
16:50 of 1st period - Mike Zigomanis wins face-off versus Andy Miele in Carnivores zone.
17:01 of 1st period - Mike Zigomanis is hit by Blake Geoffrion and loses puck.
17:16 of 1st period - Keith Aulie is hit by Milan Bartovic and loses puck.
17:25 of 1st period - Willie Mitchell is hit by Keith Aulie and loses puck.
17:44 of 1st period - Wrist shot by Colton Orr.
17:44 of 1st period - Shot Misses the Net.
17:46 of 1st period - Snap shot by Colton Orr.
17:46 of 1st period - Stopped by Jamie Storr without a rebound.
17:47 of 1st period - Anton Lander wins face-off versus Mike Zigomanis in Wolves zone.
18:13 of 1st period - Colton Orr is hit by Dmitry Kulikov.
18:39 of 1st period - Blake Geoffrion is hit by Milan Bartovic and loses puck.
19:06 of 1st period - Jonas Junland is hit by Tim Conboy and loses puck.
19:21 of 1st period - Slapshot by Matt Cullen.
19:21 of 1st period - Shot Misses the Net.
19:41 of 1st period - Wrist shot by Jonathan Rheault.
19:41 of 1st period - Shot Blocked by Lane MacDermid.
19:47 of 1st period - Jonathan Rheault is hit by Anton Gustafsson and loses puck.
Goals for this period are 0 for Carnivores vs 0 for Wolves.
Shots for this period are 3 for Carnivores vs 5 for Wolves.

2nd period


0:01 of 2nd period - Andy Miele wins face-off versus Mike Zigomanis in neutral zone.
0:12 of 2nd period - Mike Zigomanis is hit by Chris Lawrence.
0:16 of 2nd period - Chris Lawrence is hit by Chris Neil and loses puck.
0:31 of 2nd period - Snap shot by Nathan Davis.
0:31 of 2nd period - Shot Misses the Net.
0:33 of 2nd period - Snap shot by Milan Bartovic.
0:33 of 2nd period - Stopped by Antti Raanta with a rebound.
0:35 of 2nd period - Slapshot by Willie Mitchell.
0:35 of 2nd period - Shot Blocked by Evgeny Grachev.
0:47 of 2nd period - Minor Penalty to Evgeny Grachev for Interference.
0:48 of 2nd period - Andy Miele wins face-off versus Mike Zigomanis in Carnivores zone.
1:30 of 2nd period - Slapshot by Tim Conboy.
1:30 of 2nd period - Stopped by Jamie Storr with a rebound.
1:42 of 2nd period - Snap shot by Chris Neil.
1:42 of 2nd period - Deflect By Mike Zigomanis.
1:42 of 2nd period - Stopped by Antti Raanta with a rebound.
1:44 of 2nd period - Slapshot by Bruno Gervais.
1:44 of 2nd period - Deflect By Chris Neil.
1:44 of 2nd period - Stopped by Antti Raanta with a rebound.
1:46 of 2nd period - Slapshot by Dmitry Kulikov.
1:46 of 2nd period - Shot Misses the Net.
1:48 of 2nd period - Wrist shot by Mike Zigomanis.
1:48 of 2nd period - Goal by Mike Zigomanis - Carnivores : 0 - Wolves : 1.
1:49 of 2nd period - Nathan Davis wins face-off versus Andy Miele in neutral zone.
2:13 of 2nd period - Icing by Phil Oreskovic.
2:14 of 2nd period - Evgeny Grachev wins face-off versus Dan Fritsche in Carnivores zone.
2:19 of 2nd period - Snap shot by Evgeny Grachev.
2:19 of 2nd period - Stopped by Jamie Storr with a rebound.
2:40 of 2nd period - Chris Lawrence is hit by Mike Zigomanis and loses puck.
2:47 of 2nd period - Andy Miele is hit by Willie Mitchell and loses puck.
3:28 of 2nd period - Snap shot by Jeremy Welsh.
3:28 of 2nd period - Stopped by Jamie Storr with a rebound.
3:30 of 2nd period - Wrist shot by Colton Orr.
3:30 of 2nd period - Shot Misses the Net.
3:32 of 2nd period - Wrist shot by Anton Lander.
3:32 of 2nd period - Stopped by Jamie Storr with a rebound.
4:10 of 2nd period - Icing by Andrew Ference.
4:11 of 2nd period - Mike Zigomanis wins face-off versus Andy Miele in Carnivores zone.
4:20 of 2nd period - Slapshot by Andy Miele.
4:20 of 2nd period - Stopped by Jamie Storr with a rebound.
5:05 of 2nd period - Snap shot by Colton Orr.
5:05 of 2nd period - Shot Misses the Net.
5:07 of 2nd period - Snap shot by Keith Aulie.
5:07 of 2nd period - Shot Misses the Net.
5:19 of 2nd period - Snap shot by Chris Neil.
5:19 of 2nd period - Shot Blocked by Phil Oreskovic.
5:21 of 2nd period - Snap shot by Chris Neil.
5:21 of 2nd period - Stopped by Antti Raanta with a rebound.
5:23 of 2nd period - Wrist shot by Mike Sislo.
5:23 of 2nd period - Stopped by Antti Raanta without a rebound.
5:24 of 2nd period - Mike Zigomanis wins face-off versus Andy Miele in Carnivores zone.
5:57 of 2nd period - Wrist shot by Mike Zigomanis.
5:57 of 2nd period - Goal by Mike Zigomanis - Carnivores : 0 - Wolves : 2.
5:58 of 2nd period - Nathan Davis wins face-off versus Evgeny Grachev in neutral zone.
6:45 of 2nd period - Snap shot by Colton Orr.
6:45 of 2nd period - Stopped by Jamie Storr without a rebound.
6:46 of 2nd period - Dan Fritsche wins face-off versus Anton Lander in Wolves zone.
6:46 of 2nd period - Dan Fritsche is hit by Colton Orr.
7:12 of 2nd period - Bobby Sanguinetti is hit by Bruno Gervais and loses puck.
7:27 of 2nd period - Wrist shot by Colton Orr.
7:27 of 2nd period - Stopped by Jamie Storr with a rebound.
7:29 of 2nd period - Snap shot by Jeremy Welsh.
7:29 of 2nd period - Shot Blocked by Dmitry Kulikov.
7:31 of 2nd period - Slapshot by Jeremy Welsh.
7:31 of 2nd period - Stopped by Jamie Storr with a rebound.
7:33 of 2nd period - Snap shot by Anton Lander.
7:33 of 2nd period - Goal by Anton Lander - Carnivores : 1 - Wolves : 2.
7:34 of 2nd period - Mike Zigomanis wins face-off versus Andy Miele in neutral zone.
7:43 of 2nd period - Snap shot by Chris Neil.
7:43 of 2nd period - Stopped by Antti Raanta without a rebound.
7:44 of 2nd period - Mike Zigomanis wins face-off versus Chris Lawrence in Carnivores zone.
7:45 of 2nd period - Wrist shot by Chris Neil.
7:45 of 2nd period - Stopped by Antti Raanta with a rebound.
7:47 of 2nd period - Slapshot by Bruno Gervais.
7:47 of 2nd period - Deflect By Keith Aulie.
7:47 of 2nd period - Stopped by Antti Raanta with a rebound.
7:49 of 2nd period - Snap shot by Mike Zigomanis.
7:49 of 2nd period - Goal by Mike Zigomanis - Carnivores : 1 - Wolves : 3.
7:50 of 2nd period - Andy Miele wins face-off versus Mike Zigomanis in neutral zone.
7:53 of 2nd period - Bruno Gervais is hit by Blake Geoffrion and loses puck.
8:21 of 2nd period - Geoff Paukovich is hit by Keith Aulie and loses puck.
9:23 of 2nd period - Off-side.
9:24 of 2nd period - Andy Miele wins face-off versus Mike Zigomanis in neutral zone.
9:27 of 2nd period - Wrist shot by Andy Miele.
9:27 of 2nd period - Stopped by Jamie Storr without a rebound.
9:28 of 2nd period - Mike Zigomanis wins face-off versus Andy Miele in Wolves zone.
9:39 of 2nd period - Snap shot by Chris Neil.
9:39 of 2nd period - Stopped by Antti Raanta with a rebound.
10:23 of 2nd period - Snap shot by Colton Orr.
10:23 of 2nd period - Stopped by Jamie Storr with a rebound.
10:35 of 2nd period - Slapshot by Mike Zigomanis.
10:35 of 2nd period - Stopped by Antti Raanta without a rebound.
10:36 of 2nd period - Anton Gustafsson wins face-off versus Mike Zigomanis in Carnivores zone.
10:43 of 2nd period - Wrist shot by Keith Aulie.
10:43 of 2nd period - Stopped by Jamie Storr without a rebound.
10:44 of 2nd period - Mike Zigomanis wins face-off versus Andy Miele in Wolves zone.
10:55 of 2nd period - Wrist shot by Chris Neil.
10:55 of 2nd period - Shot Blocked by Keith Aulie.
10:57 of 2nd period - Slapshot by Marc Methot.
10:57 of 2nd period - Shot Misses the Net.
10:59 of 2nd period - Snap shot by Mike Sislo.
10:59 of 2nd period - Shot Blocked by Andy Miele.
11:18 of 2nd period - Wrist shot by Andy Miele.
11:18 of 2nd period - Shot Blocked by Jonas Junland.
11:23 of 2nd period - Off-side.
11:24 of 2nd period - Evgeny Grachev wins face-off versus Mike Zigomanis in neutral zone.
11:24 of 2nd period - Evgeny Grachev is hit by Mike Sislo.
11:30 of 2nd period - Snap shot by Evgeny Grachev.
11:30 of 2nd period - Goal by Evgeny Grachev - Carnivores : 2 - Wolves : 3.
11:31 of 2nd period - Mike Zigomanis wins face-off versus Blake Geoffrion in neutral zone.
11:42 of 2nd period - Snap shot by Chris Neil.
11:42 of 2nd period - Stopped by Antti Raanta with a rebound.
11:46 of 2nd period - Snap shot by Chris Neil.
11:46 of 2nd period - Shot Misses the Net.
11:56 of 2nd period - Keith Aulie is hit by Dmitry Kulikov and loses puck.
12:07 of 2nd period - Snap shot by Tim Crowder.
12:07 of 2nd period - Deflect By Maksim Mayorov.
12:07 of 2nd period - Shot Blocked by Keith Aulie.
12:07 of 2nd period - Puck is out of play.
12:08 of 2nd period - Mike Zigomanis wins face-off versus Evgeny Grachev in Carnivores zone.
12:09 of 2nd period - Snap shot by Chris Neil.
12:09 of 2nd period - Deflect By Mike Sislo.
12:09 of 2nd period - Stopped by Antti Raanta with a rebound.
12:13 of 2nd period - Snap shot by Mike Zigomanis.
12:13 of 2nd period - Shot Misses the Net.
12:23 of 2nd period - Snap shot by Mike Zigomanis.
12:23 of 2nd period - Goal by Mike Zigomanis - Carnivores : 2 - Wolves : 4.
12:24 of 2nd period - Mike Zigomanis wins face-off versus Evgeny Grachev in neutral zone.
12:27 of 2nd period - Wrist shot by Mike Zigomanis.
12:27 of 2nd period - Shot Blocked by Evgeny Grachev.
12:51 of 2nd period - Geoff Paukovich is hit by Blake Geoffrion and loses puck.
13:21 of 2nd period - Wrist shot by Colton Orr.
13:21 of 2nd period - Shot Misses the Net.
13:41 of 2nd period - Matt Gilroy is hit by Lane MacDermid and loses puck.
13:52 of 2nd period - Slapshot by Dmitry Kulikov.
13:52 of 2nd period - Deflect By Chris Neil.
13:52 of 2nd period - Shot Misses the Net.
13:52 of 2nd period - Puck is out of play.
13:53 of 2nd period - Mike Zigomanis wins face-off versus Evgeny Grachev in Carnivores zone.
14:02 of 2nd period - Willie Mitchell is hit by Tim Conboy and loses puck.
14:28 of 2nd period - Wrist shot by Blake Geoffrion.
14:28 of 2nd period - Shot Misses the Net.
14:52 of 2nd period - Icing by Anton Gustafsson.
14:53 of 2nd period - Mike Zigomanis wins face-off versus Anton Gustafsson in Carnivores zone.
14:55 of 2nd period - Minor Penalty to Matt Gilroy for Hooking.
14:56 of 2nd period - Andy Miele wins face-off versus Mike Zigomanis in Wolves zone.
15:06 of 2nd period - Wrist shot by Andy Miele.
15:06 of 2nd period - Stopped by Jamie Storr with a rebound.
15:08 of 2nd period - Slapshot by Phil Oreskovic.
15:08 of 2nd period - Shot Blocked by Mike Zigomanis.
15:10 of 2nd period - Snap shot by Blake Geoffrion.
15:10 of 2nd period - Goal by Blake Geoffrion - Carnivores : 3 - Wolves : 4.
15:11 of 2nd period - Andy Miele wins face-off versus Mike Zigomanis in neutral zone.
15:41 of 2nd period - Dmitry Kulikov is hit by Phil Oreskovic and loses puck.
16:25 of 2nd period - Off-side.
16:26 of 2nd period - Matt Cullen wins face-off versus Kevin Veilleux in neutral zone.
16:36 of 2nd period - Icing by Bruno Gervais.
16:37 of 2nd period - Andy Miele wins face-off versus Kevin Veilleux in Wolves zone.
16:38 of 2nd period - Snap shot by Blake Geoffrion.
16:38 of 2nd period - Shot Blocked by Willie Mitchell.
16:40 of 2nd period - Slapshot by Bobby Sanguinetti.
16:40 of 2nd period - Stopped by Jamie Storr with a rebound.
16:42 of 2nd period - Wrist shot by Andy Miele.
16:42 of 2nd period - Shot Misses the Net.
16:44 of 2nd period - Snap shot by Andy Miele.
16:44 of 2nd period - Goal by Andy Miele - Carnivores : 4 - Wolves : 4.
16:45 of 2nd period - Chris Neil wins face-off versus Andy Miele in neutral zone.
17:15 of 2nd period - Backhand shot by Andrew Ference.
17:15 of 2nd period - Stopped by Jamie Storr without a rebound.
17:16 of 2nd period - Nathan Davis wins face-off versus Evgeny Grachev in Wolves zone.
17:19 of 2nd period - Snap shot by Tim Conboy.
17:19 of 2nd period - Stopped by Jamie Storr with a rebound.
17:21 of 2nd period - Slapshot by Keith Aulie.
17:21 of 2nd period - Shot Misses the Net.
17:23 of 2nd period - Snap shot by Keith Aulie.
17:23 of 2nd period - Stopped by Jamie Storr without a rebound.
17:24 of 2nd period - Andy Miele wins face-off versus Nathan Davis in Wolves zone.
17:29 of 2nd period - Slapshot by Andy Miele.
17:29 of 2nd period - Shot Misses the Net.
17:31 of 2nd period - Slapshot by Keith Aulie.
17:31 of 2nd period - Stopped by Jamie Storr without a rebound.
17:32 of 2nd period - Andy Miele wins face-off versus Chris Neil in Wolves zone.
17:37 of 2nd period - Snap shot by Andy Miele.
17:37 of 2nd period - Stopped by Jamie Storr with a rebound.
18:04 of 2nd period - Wrist shot by Milan Bartovic.
18:04 of 2nd period - Shot Blocked by Billy Sweat.
18:22 of 2nd period - Snap shot by Tim Crowder.
18:22 of 2nd period - Shot Blocked by Colton Orr.
18:23 of 2nd period - Minor Penalty to Tim Crowder for High sticking.
18:24 of 2nd period - Mike Zigomanis wins face-off versus Andy Miele in Wolves zone.
Goals for this period are 4 for Carnivores vs 4 for Wolves.
Shots for this period are 22 for Carnivores vs 16 for Wolves.

3rd period


0:01 of 3rd period - Mike Zigomanis wins face-off versus Andy Miele in neutral zone.
0:14 of 3rd period - Slapshot by Phil Oreskovic.
0:14 of 3rd period - Stopped by Jamie Storr with a rebound.
0:23 of 3rd period - Penalty to Tim Crowder is over, Tim Crowder is back on ice.
0:34 of 3rd period - Snap shot by Matt Cullen.
0:34 of 3rd period - Shot Blocked by Dan Fritsche.
0:50 of 3rd period - Snap shot by Jonathan Rheault.
0:50 of 3rd period - Stopped by Antti Raanta with a rebound.
1:24 of 3rd period - Slapshot by Geoff Paukovich.
1:24 of 3rd period - Deflect By Nathan Davis.
1:24 of 3rd period - Shot Misses the Net.
1:24 of 3rd period - Puck is out of play.
1:25 of 3rd period - Andy Miele wins face-off versus Nathan Davis in Carnivores zone.
1:25 of 3rd period - Andy Miele is hit by Dmitry Kulikov.
1:39 of 3rd period - Andrew Ference is hit by Geoff Paukovich and loses puck.
2:20 of 3rd period - Milan Bartovic is hit by Anton Gustafsson and loses puck.
2:48 of 3rd period - Mike Zigomanis is hit by Tim Conboy and loses puck.
3:15 of 3rd period - Patrick McNeill is hit by Jonas Junland and loses puck.
3:19 of 3rd period - Icing by Chris Butler.
3:20 of 3rd period - Mike Zigomanis wins face-off versus Andy Miele in Carnivores zone.
3:42 of 3rd period - Chris Lawrence is hit by Dan Fritsche and loses puck.
3:50 of 3rd period - Off-side.
3:51 of 3rd period - Mike Zigomanis wins face-off versus Billy Sweat in neutral zone.
4:00 of 3rd period - Snap shot by Mike Sislo.
4:00 of 3rd period - Stopped by Antti Raanta with a rebound.
4:21 of 3rd period - Colton Orr is hit by Tim Crowder and loses puck.
5:04 of 3rd period - Wrist shot by Milan Bartovic.
5:04 of 3rd period - Shot Misses the Net.
5:12 of 3rd period - Minor Penalty to David Schlemko for Hooking.
5:13 of 3rd period - Andy Miele wins face-off versus Mike Zigomanis in Carnivores zone.
6:47 of 3rd period - Jonas Junland is hit by Colton Orr and loses puck.
6:54 of 3rd period - Geoff Paukovich is hit by Bobby Sanguinetti and loses puck.
7:12 of 3rd period - Penalty to David Schlemko is over, David Schlemko is back on ice.
7:17 of 3rd period - David Schlemko is hit by Geoff Paukovich and loses puck.
7:30 of 3rd period - Chris Butler is hit by Tim Crowder and loses puck.
7:35 of 3rd period - Snap shot by Milan Bartovic.
7:35 of 3rd period - Deflect By Tim Crowder.
7:35 of 3rd period - Shot Misses the Net.
7:35 of 3rd period - Puck is out of play.
7:36 of 3rd period - Evgeny Grachev wins face-off versus Kevin Veilleux in Carnivores zone.
7:41 of 3rd period - Slapshot by Phil Oreskovic.
7:41 of 3rd period - Deflect By Billy Sweat.
7:41 of 3rd period - Stopped by Jamie Storr with a rebound.
7:45 of 3rd period - Snap shot by Tim Conboy.
7:45 of 3rd period - Stopped by Jamie Storr with a rebound.
8:19 of 3rd period - Carl Klingberg is hit by Phil Oreskovic and loses puck.
8:32 of 3rd period - Maksim Mayorov is hit by Keith Aulie.
9:10 of 3rd period - Minor Penalty to Chris Neil for Tripping.
9:11 of 3rd period - Andy Miele wins face-off versus Mike Zigomanis in Wolves zone.
9:21 of 3rd period - Wrist shot by Andy Miele.
9:21 of 3rd period - Deflect By Chris Lawrence.
9:21 of 3rd period - Shot Misses the Net.
9:21 of 3rd period - Puck is out of play.
9:22 of 3rd period - Mike Zigomanis wins face-off versus Blake Geoffrion in Wolves zone.
9:37 of 3rd period - Snap shot by Andy Miele.
9:37 of 3rd period - Stopped by Jamie Storr with a rebound.
10:27 of 3rd period - Mike Sislo is hit by Bobby Sanguinetti and loses puck.
11:10 of 3rd period - Penalty to Chris Neil is over, Chris Neil is back on ice.
11:19 of 3rd period - Chris Neil is hit by Evgeny Grachev and loses puck.
11:51 of 3rd period - Off-side.
11:52 of 3rd period - Anton Gustafsson wins face-off versus Dan Fritsche in neutral zone.
12:29 of 3rd period - Snap shot by Andy Miele.
12:29 of 3rd period - Shot Blocked by Dmitry Kulikov.
12:48 of 3rd period - Slapshot by Colton Orr.
12:48 of 3rd period - Shot Misses the Net.
12:50 of 3rd period - Snap shot by Colton Orr.
12:50 of 3rd period - Stopped by Jamie Storr with a rebound.
12:52 of 3rd period - Snap shot by Jeremy Welsh.
12:52 of 3rd period - Shot Misses the Net.
13:19 of 3rd period - Minor Penalty to Chris Lawrence for Holding Stick.
13:20 of 3rd period - Chris Neil wins face-off versus Andy Miele in Carnivores zone.
13:28 of 3rd period - Snap shot by Mike Zigomanis.
13:28 of 3rd period - Shot Blocked by Phil Oreskovic.
13:30 of 3rd period - Snap shot by Mike Zigomanis.
13:30 of 3rd period - Shot Blocked by Phil Oreskovic.
13:32 of 3rd period - Slapshot by Jonas Junland.
13:32 of 3rd period - Deflect By Mike Sislo.
13:32 of 3rd period - Shot Blocked by Phil Oreskovic.
13:32 of 3rd period - Puck is out of play.
13:33 of 3rd period - Andy Miele wins face-off versus Mike Zigomanis in Carnivores zone.
13:33 of 3rd period - Andy Miele is hit by Mike Sislo.
13:45 of 3rd period - Andy Miele is hit by Matt Gilroy and loses puck.
14:30 of 3rd period - Mike Sislo is hit by Andrew Ference and loses puck.
15:01 of 3rd period - Backhand shot by Keith Aulie.
15:01 of 3rd period - Stopped by Jamie Storr without a rebound.
15:02 of 3rd period - Tim Crowder wins face-off versus Jeremy Welsh in Wolves zone.
15:19 of 3rd period - Penalty to Chris Lawrence is over, Chris Lawrence is back on ice.
15:34 of 3rd period - Minor Penalty to Matt Gilroy for Hooking.
15:35 of 3rd period - Andy Miele wins face-off versus Milan Bartovic in Wolves zone.
15:39 of 3rd period - Snap shot by Blake Geoffrion.
15:39 of 3rd period - Stopped by Jamie Storr without a rebound.
15:40 of 3rd period - Mike Zigomanis wins face-off versus Andy Miele in Wolves zone.
15:47 of 3rd period - Slapshot by Milan Bartovic.
15:47 of 3rd period - Stopped by Antti Raanta with a rebound.
17:34 of 3rd period - Penalty to Matt Gilroy is over, Matt Gilroy is back on ice.
17:59 of 3rd period - Minor Penalty to Patrick McNeill for Hooking.
18:00 of 3rd period - Mike Zigomanis wins face-off versus Andy Miele in Carnivores zone.
18:03 of 3rd period - Snap shot by Mike Sislo.
18:03 of 3rd period - Shot Blocked by Bobby Sanguinetti.
18:05 of 3rd period - Wrist shot by Mike Zigomanis.
18:05 of 3rd period - Goal by Mike Zigomanis - Carnivores : 4 - Wolves : 5.
18:06 of 3rd period - Anton Lander wins face-off versus Dan Fritsche in neutral zone.
18:52 of 3rd period - Carnivores, Antti Raanta is pulled from the net.
18:56 of 3rd period - Wrist shot by Blake Geoffrion.
18:56 of 3rd period - Shot Blocked by Milan Bartovic.
18:58 of 3rd period - Slapshot by Phil Oreskovic.
18:58 of 3rd period - Stopped by Jamie Storr with a rebound.
19:00 of 3rd period - Snap shot by Chris Lawrence.
19:00 of 3rd period - Deflect By Blake Geoffrion.
19:00 of 3rd period - Shot Misses the Net.
19:00 of 3rd period - Puck is out of play.
19:01 of 3rd period - Wayne Gretzky call a timeout for Carnivores.
19:01 of 3rd period - Mike Zigomanis wins face-off versus Blake Geoffrion in Wolves zone.
19:06 of 3rd period - Andrew Ference is hit by Nathan Davis and loses puck.
19:20 of 3rd period - Wrist shot by Blake Geoffrion.
19:20 of 3rd period - Deflect By Mike Zigomanis.
19:20 of 3rd period - Stopped by Jamie Storr with a rebound.
19:22 of 3rd period - Snap shot by Blake Geoffrion.
19:22 of 3rd period - Stopped by Jamie Storr without a rebound.
19:23 of 3rd period - Mike Zigomanis wins face-off versus Andy Miele in Wolves zone.
19:53 of 3rd period - Wrist shot by Chris Lawrence.
19:53 of 3rd period - Stopped by Jamie Storr with a rebound.
19:55 of 3rd period - Wrist shot by Andy Miele.
19:55 of 3rd period - Stopped by Jamie Storr with a rebound.
Goals for this period are 0 for Carnivores vs 1 for Wolves.
Shots for this period are 12 for Carnivores vs 4 for Wolves.


Output by the SimonT Hockey Simulator (STHS) for François Prévost -- Original Page W3C XHTML 1.0 Valid
Hockey Simulator - Hockey Simulation - Hockey Manager